 Dungeon Crawl Stone Soup version 0.13-a0-2531-g2ad9301 (webtiles) character file.

6483 Kae the Basher (level 10, 0/60 (75) HPs)
             Began as a Demonspawn Berserker on July 26, 2013.
             Was an Elder of Trog.
             Slain by an orc warrior
             ... wielding a +0,+0 great mace
              (11 damage)
             ... on Level 9 of the Dungeon.
             The game lasted 00:22:45 (13475 turns).

Kae the Basher (Demonspawn Berserker)              Turns: 13475, Time: 00:22:45

HP   0/60 (75)   AC 21     Str 22      XL: 10   Next: 59%
MP   9/9         EV 10     Int  8      God: Trog [****..]
Gold 331         SH  0     Dex 12      Spells:  0 memorised,  9 levels left

Res.Fire  : . . .   See Invis. : .   a - +2,+1 whip (reach)
Res.Cold  : . . .   Warding    : .   H - +5 chain mail
Life Prot.: . . .   Conserve   : .   (no shield)
Res.Poison: .       Res.Corr.  : .   (helmet restricted)
Res.Elec. : .       Clarity    : .   u - +0 cloak
Sust.Abil.: . .     Spirit.Shd : .   r - +0 pair of dwarf gauntlets
Res.Mut.  : +       Stasis     : .   (no boots)
Res.Rott. : .       Flight     : .   x - amulet of resist mutation
Saprovore : . . .                    J - +3 ring of evasion
                                     o - cursed ring of sustenance

@: regenerating, very resistant to hostile enchantments, extremely unstealthy
A: antennae 1, conserve scrolls, nightstalker 2, AC +3
a: Burn Spellbooks, Berserk, Trog's Hand, Brothers in Arms, Renounce Religion


You were on level 9 of the Dungeon.
You worshipped Trog.
Trog was extremely pleased with you.
You were hungry.

You visited 1 branch of the dungeon, and saw 9 of its levels.

You collected 311 gold pieces.

Inventory:

Hand weapons
 a - a +2,+1 whip of reaching (weapon)
 b - a +0,-2 mace
 g - a +1,-3 elven whip
Armour
 r - a +0 pair of dwarven gauntlets (worn)
 u - a +0 cloak (worn)
 F - a cursed +0 animal skin
 H - a +5 chain mail (worn)
Magical devices
 k - a wand of polymorph (6) {unknown}
 p - a wand of teleportation (5) {unknown}
 y - a wand of fire (8) {unknown}
 G - a wand of fire (12) {unknown}
Comestibles
 c - 6 bread rations
 d - a chunk of ogre flesh
 f - 2 chokos
 w - an apple
Scrolls
 e - 3 scrolls of teleportation
 h - 2 scrolls of fear
 l - 3 scrolls of remove curse
 D - a scroll of blinking
Jewellery
 n - an uncursed ring of magical power
 o - a cursed ring of sustenance (left hand)
 q - an uncursed ring of protection from magic
 x - an amulet of resist mutation (around neck)
 C - a +1 ring of evasion
 J - a +3 ring of evasion (right hand)
Potions
 i - 2 potions of paralysis {unknown}
 j - 3 potions of brilliance
 m - a potion of poison {unknown}
 s - a potion of might
 t - 6 potions of heal wounds
 v - a potion of restore abilities {unknown}
 z - a potion of invisibility {unknown}
 A - a potion of beneficial mutation {unknown}
 B - 2 potions of curing
 I - a potion of speed {unknown}


   Skills:
 + Level 6.3 Fighting
 + Level 12.0 Maces & Flails
 * Level 7.2 Armour
 - Level 1.7 Dodging


You had 9 spell levels left.
You didn't know any spells.

Dungeon Overview and Level Annotations

Branches:
Dungeon (9/27) Temple (0/1) D:4 D:7 Orc: D:6-11 Lair: D:8-13

Altars:
Cheibriados
Kikubaaqudgha
Sif Muna

Shops:
D:4: }

Annotations
D:5 exclusion: door


Innate Abilities, Weirdness & Mutations

You have a pair of small antennae on your head.
You are mostly covered in slimy green scales (AC +3).
You are very good at protecting items from fire.
You are significantly more attuned to the shadows.


Message History

The orc warrior is severely wounded.
Use which ability? (? or * to list)
Your skin crawls.
You feel resistant to hostile enchantments.
You feel slightly more hungry.
The orc warrior hits you with a great mace!
* * * LOW HITPOINT WARNING * * *
You hit the orc warrior.
The orc warrior is almost dead.
You hit the orc warrior but do no damage.
The orc warrior is almost dead.
The orc warrior closely misses you.
You barely miss the orc warrior.
The orc warrior is almost dead.
You hit the orc warrior but do no damage.
The orc warrior is almost dead.
You hit the orc warrior but do no damage.
The orc warrior is almost dead.
The orc warrior hits you with a great mace!
You die...

..... ........#
#..... ........#
#....# ######.#
#....# #.#
#....# #.#
#<...# #.#
#....# #.#
#....# ... #.#
#....# ...<..#@#
.....#......$#o#
.....#.......#o#
... +.[.....#.#
#.......#.#
#####'###)#
...........#
..........#
####......#


You could see an orc warrior and an orc.

Vanquished Creatures
  A troll (D:9)
  A wyvern (D:8)
  A hippogriff (D:8)
  A manticore (D:9)
  A hungry ghost (D:8)
  2 wolves (D:8)
  2 necrophages (D:8)
  2 orc warriors
  2 sky beasts
  A giant goldfish (D:8)
  An ice beast (D:5)
  2 ogres (D:9)
  3 centaurs
  A phantom (D:8)
  A big kobold (D:9)
  Sigmund (D:4)
  5 giant frogs
  6 gnoll sergeants
  2 human skeletons (D:8)
  A water moccasin (D:9)
  8 wights (D:8)
  2 electric eels (D:8)
  18 hounds
  A giant frog zombie (D:8)
  5 crimson imps
  3 scorpions
  4 worker ants
  Crazy Yiuf (D:3)
  A giant frog skeleton (D:4)
  2 orc priests
  A big fish (D:8)
  4 orc wizards
  A gnoll shaman (D:8)
  An iguana (D:4)
  Jessica (D:3)
  A big kobold skeleton (D:8)
  3 jellies
  An ogre skeleton (D:6)
  A mummy (D:8)
  43 gnolls
  6 adders
  A giant mite (D:8)
  4 worms
  4 human zombies (D:8)
  A giant eyeball (D:8)
  5 giant geckos
  23 orcs
  6 ball pythons
  9 bats
  A bat zombie (D:6)
  6 giant cockroaches
  16 hobgoblins
  6 giant newts
  18 goblins
  2 jackals (D:8)
  22 kobolds
  An orc skeleton (D:4)
  A quokka (D:8)
  A quokka skeleton (D:4)
  9 rats
281 creatures vanquished.

Vanquished Creatures (others)
  The ghost of Kae the Conjurer, an experienced TeFE of Vehumet (D:7)
  An electric eel (D:8)
  An orc (D:3)
3 creatures vanquished.

Grand Total: 284 creatures vanquished

Notes
Turn   | Place    | Note
--------------------------------------------------------------
     0 | D:1      | Kae, the Demonspawn Berserker, began the quest for the Orb.
     0 | D:1      | Reached XP level 1. HP: 18/18 MP: 0/0
   255 | D:1      | Gained mutation: You are slightly more attuned to the shadows. [demonic ancestry]
   255 | D:1      | Reached XP level 2. HP: 16/24 MP: 1/1
   739 | D:1      | Acquired Trog's second power
   739 | D:1      | Reached XP level 3. HP: 8/30 MP: 2/2
  1335 | D:2      | Reached skill level 4 in Maces & Flails
  1575 | D:2      | HP: 1/30 [poisoned by an adder]
  1760 | D:2      | Gained mutation: You are very good at protecting items from fire. [demonic ancestry]
  1760 | D:2      | Reached XP level 4. HP: 34/36 MP: 3/3
  2357 | D:2      | HP: 1/36 [worm (10)]
  2931 | D:3      | Reached skill level 5 in Maces & Flails
  3351 | D:3      | Gained mutation: You are partially covered in slimy green scales (AC +2). [demonic ancestry]
  3351 | D:3      | Reached XP level 5. HP: 41/41 MP: 4/4
  3490 | D:3      | Noticed Jessica
  3500 | D:3      | Killed Jessica
  3818 | D:3      | Noticed Crazy Yiuf
  3826 | D:3      | Killed Crazy Yiuf
  4073 | D:4      | Reached skill level 6 in Maces & Flails
  4089 | D:4      | Reached XP level 6. HP: 29/48 MP: 5/5
  4260 | D:4      | Noticed Sigmund
  4269 | D:4      | Killed Sigmund
  4316 | D:4      | Found Curhara's Gadget Shoppe.
  4472 | D:4      | Found a staircase to the Ecumenical Temple.
  4619 | D:5      | Entered Level 5 of the Dungeon
  4654 | D:5      | Reached skill level 7 in Maces & Flails
  4703 | D:5      | Found a snail-covered altar of Cheibriados.
  5090 | D:5      | Gained mutation: You have a pair of small antennae on your head. [demonic ancestry]
  5090 | D:5      | Reached XP level 7. HP: 45/53 MP: 6/6
  5357 | D:5      | Reached skill level 8 in Maces & Flails
  5454 | D:5      | Found a deep blue altar of Sif Muna.
  6066 | D:6      | Acquired Trog's third power
  6202 | D:6      | Reached skill level 9 in Maces & Flails
  6202 | D:6      | Reached XP level 8. HP: 46/60 MP: 7/7
  7473 | D:7      | Found a staircase to the Ecumenical Temple.
  7544 | D:7      | Reached skill level 10 in Maces & Flails
  7624 | D:7      | HP: 3/60 [poisoned by a gnoll sergeant]
  7886 | D:7      | Noticed Kae's ghost (experienced TeFE)
  8307 | D:7      | Killed Kae's ghost
  8307 | D:7      | Reached skill level 11 in Maces & Flails
  8307 | D:7      | Gained mutation: You are mostly covered in slimy green scales (AC +3). [demonic ancestry]
  8307 | D:7      | Reached XP level 9. HP: 65/65 MP: 8/8
  9229 | D:8      | Paralysed by a giant eyeball for 3 turns
  9827 | D:8      | Found an ancient bone altar of Kikubaaqudgha.
  9860 | D:8      | Reached skill level 5 in Armour
  9996 | D:8      | Reached skill level 5 in Fighting
 10256 | D:8      | Gained mutation: You are significantly more attuned to the shadows. [demonic ancestry]
 10256 | D:8      | Reached XP level 10. HP: 56/59 MP: 9/9
 12935 | D:9      | Reached skill level 12 in Maces & Flails
 13475 | D:9      | Slain by an orc warrior

Action                   |  1- 3 |  4- 6 |  7- 9 | 10-12 || total
-------------------------+-------+-------+-------+-------++-------
Melee: Mace              |    37 |    27 |     4 |       ||    68
       Whip              |   110 |   355 |  1242 |   726 ||  2433
Invok: Berserk           |     2 |     3 |     7 |     3 ||    15
       Trog's Hand       |     1 |     3 |    11 |     5 ||    20
  Use: Potion            |     1 |       |     1 |     1 ||     3
       Scroll            |       |    18 |       |     5 ||    23
 Stab: Sleeping          |     1 |     5 |       |       ||     6
       Distracted        |       |     1 |       |       ||     1
